 Dungeon Crawl Stone Soup version 0.27-a0-631-g2d681adce0 (webtiles) character file.

Game seed: 1851771140079446291

309 tilp the Insei (level 6, -2/42 HPs)
             Began as an Octopode Transmuter on Mar 13, 2021.
             Slain by a phantom (10 damage)
             ... on level 4 of the Dungeon.
             The game lasted 00:06:15 (4080 turns).

tilp the Insei (Octopode Transmuter)                Turns: 4080, Time: 00:06:15

Health: -2/42      AC:  1    Str: 10    XL:     6   Next: 41%
Magic:  17/18      EV: 13    Int: 17    God:
Gold:   293        SH:  0    Dex: 12    Spells: 3/9 levels left

rFire    . . .     SeeInvis .     - Unarmed
rCold    . . .     Faith    .   (no shield)
rNeg     . . .     Spirit   .   (helmet currently unavailable)
rPois    .         Reflect  .   (no amulet)
rElec    .         Harm     .   k - ring of magical power
rCorr    .         Rampage  .   (no ring)
Will     .....                  (no ring)
Stlth    +++.......             (no ring)
HPRegen  0.14/turn              (no ring)
MPRegen  0.16/turn              (no ring)
                                (no ring)
                                (no ring)

@: appendages
A: tentacle spike 3, almost no armour, amphibious, 8 rings, camouflage 1,
gelatinous body 1, nimble swimmer 1, tentacles
a: End Transformation


You were on level 4 of the Dungeon.
One of your tentacles had grown a beastly spike.
You visited 1 branch of the dungeon, and saw 4 of its levels.

You collected 293 gold pieces.

Inventory:

Missiles
 b - 75 stones (quivered)
 p - 2 boomerangs
Jewellery
 k - a ring of magical power (left tentacle)
Scrolls
 a - 2 scrolls of teleportation
 c - a scroll of identify
 e - a scroll of noise {unknown}
 f - a scroll of amnesia
 h - a scroll of magic mapping {unknown}
 o - a scroll of enchant weapon {unknown}
Potions
 g - a potion of brilliance
 j - a potion of mutation
 n - a potion of resistance


   Skills:
 + Level 3.1 Fighting
 - Level 2.0 Dodging
 - Level 4.0 Stealth
 * Level 5.4 Unarmed Combat
 - Level 2.0 Spellcasting
 - Level 2.0 Transmutations


You had 3 spell levels left.
You knew the following spells:

 Your Spells              Type           Power      Damage    Failure   Level
a - Beastly Appendage     Tmut           16%        N/A       9%          1
b - Wereblood             Tmut           8%         N/A       13%         2
c - Spider Form           Tmut/Pois      2%         N/A       36%         3

Your spell library contained the following spells:

 Spells                   Type           Power      Damage    Failure   Level
 Ice Form                 Ice/Tmut       5%         N/A       77%         4
 Blade Hands              Tmut           4%         N/A       93%         5


Dungeon Overview and Level Annotations

Branches:
Dungeon (4/15)
 Temple: D:4-7

Altars:
Uskayaw


Innate Abilities, Weirdness & Mutations

One of your tentacles has grown a beastly spike.
You cannot wear most types of armour.
You are amphibious.
You can wear up to eight rings at the same time.
Your skin changes colour to match your surroundings (Stealth+).
Your rubbery body absorbs attacks. (AC +1, EV +1)
You are stealthy while swimming. (Stealth+)
You have tentacles for arms and can constrict up to eight enemies at once.


Message History

* * * LOW HITPOINT WARNING * * *
You closely miss the phantom. Your squeeze misses the phantom.
The phantom is heavily damaged.
You closely miss the phantom.
The phantom is heavily damaged.
Your primal bloodlust is almost over.
You feel sick. The phantom hits you!
* * * LOW HITPOINT WARNING * * *
You closely miss the phantom.
The phantom is heavily damaged.
Your tentacle spike disappears.
The phantom barely misses you.
You feel better.
You howl as the wereblood boils in your veins!
The phantom hits you!
* * * LOW HITPOINT WARNING * * *
Unknown command.
You feel much better. The phantom hits you.
Unknown command.
You closely miss the phantom.
Your tentacle-slap misses the phantom.
Your squeeze misses the phantom.
The phantom is moderately damaged.
The phantom hits you.
Casting: Wereblood (safe; 13% risk of failure)
Confirm with . or Enter, or press ? or * to list all spells.
One of your tentacles grows a vicious spike.
The phantom barely misses you.
You barely miss the phantom.
The phantom is moderately damaged.
Your primal bloodlust has ended.
The phantom hits you!
* * * LOW HITPOINT WARNING * * *
The phantom blinks!
You blink.
You closely miss the phantom.
Your tentacle spike misses the phantom.
The phantom is moderately damaged.
The phantom closely misses you.
You closely miss the phantom.
The phantom is moderately damaged.
The phantom hits you!
You die...

###### #....# #
#.#############
###.##.†.......(...#
.........##########.#
##.###....#....####.#
#.##.#.........#
#......##...###### ....
#..#...###.@..§..# ....
#...#.####W.####O# .....
#...<..........#.# .....
#...##.####..#.#W#......
####.....####..#.#.#......
............................
..########...###.#.#....###.
##†...#.#O#....# #...#.#
#.+....#


You could see a phantom and an ogre (wandering).

Vanquished Creatures
  A scorpion (D:4)
  An orc wizard (D:4)
  A worker ant (D:4)
  11 adders
  An ooze (D:2)
  3 worms
  A dart slug (D:1)
  A leopard gecko (D:4)
  13 orcs
  9 bats
  5 giant cockroaches
  6 goblins
  8 hobgoblins
  A jackal (D:1)
  8 kobolds
  3 quokkas
  A ball python (D:1)
  7 frilled lizards
  9 rats
90 creatures vanquished.

Notes
Turn   | Place    | Note
-------+----------+-------------------------------------------
     0 | D:1      | tilp the Octopode Transmuter began the quest for the Orb.
     0 | D:1      | Reached XP level 1. HP: 13/13 MP: 3/3
    21 | D:1      | Reached skill level 1 in Stealth
    79 | D:1      | Reached XP level 2. HP: 16/18 MP: 5/5
    82 | D:1      | Learned a level 2 spell: Wereblood
   719 | D:2      | Reached XP level 3. HP: 19/23 MP: 3/6
  1142 | D:2      | Reached XP level 4. HP: 25/28 MP: 5/7
  1856 | D:3      | Reached skill level 4 in Unarmed Combat
  1933 | D:3      | Reached XP level 5. HP: 10/34 MP: 5/8
  2323 | D:3      | Noticed a +0 hand axe
  2325 | D:3      | Noticed a +0 hand axe
  2326 | D:3      | Found a hide-covered altar of Uskayaw.
  3464 | D:3      | Learned a level 3 spell: Spider Form
  3693 | D:4      | Reached skill level 5 in Unarmed Combat
  3693 | D:4      | Reached XP level 6. HP: 41/41 MP: 9/9
  4080 | D:4      | Slain by a phantom

Illustrated notes

Levels and vault maps discovered:
D:1:      dpeg_arrival_windows_large_door, layout_basic, minmay_small_reverse_x
D:2:      layout_basic, minmay_fractal_squares_5
D:3:      layout_basic, dancing_weapons_uskayaw, minmay_misc_feat_doors,
          minmay_quantized
D:4:      layout_basic, uniq_ijyb, uniq_menkaure

Skill      XL: |  1  2  3  4  5  6 |
---------------+-------------------+-----
Stealth        | 2 4 |  4.0
Unarmed Combat | 4 5 |  5.4
Fighting       | 2 3 |  3.1
Dodging        | |  2.0
Spellcasting   | |  2.0
Transmutations | |  2.0

Action                   |  1- 3 |  4- 6 || total
-------------------------+-------+-------++-------
Melee: Unarmed           |    71 |   145 ||   216
       Tentacles         |     7 |    17 ||    24
       Constrict         |    14 |    35 ||    49
       Kick              |     8 |    26 ||    34
       Punch             |     1 |       ||     1
Throw: Stone             |     5 |     5 ||    10
       Dart              |       |     2 ||     2
 Cast: Beastly Appendage |     9 |    19 ||    28
       Wereblood         |     4 |    10 ||    14
  Use: Scroll            |     3 |     6 ||     9
       Potion            |       |     2 ||     2
 Stab: Sleeping          |     6 |    14 ||    20
Armor: Skin              |     6 |    10 ||    16
Dodge: Dodged            |    53 |    80 ||   133

Table legend: (Time is in decaauts)
 A = Elapsed time spent in this place.
 B = Non-inter-level travel time spent in this place.
 C = Inter-level travel time spent in this place.
 D = Time resting spent in this place.
 E = Time spent auto-exploring this place.
 F = Levels seen in this place.
 G = Mean time per level.
                   A        B        C        D        E       F      G
               +--------+--------+--------+--------+--------+-----+--------+
         Total |   4068 |   3936 |    132 |   1130 |   2114 |   4 | 1017.0 |
       Dungeon |   4068 |   3936 |    132 |   1130 |   2114 |   4 | 1017.0 |
               +--------+--------+--------+--------+--------+-----+--------+

Top non-repeatable levels by time:
     D:3: 1437 daAuts
     D:2: 1430 daAuts
     D:1: 806 daAuts
     D:4: 393 daAuts
